 Dungeon Crawl Stone Soup version 0.30.1-11-g7821555f0a (webtiles) character file.

Game seed: 7697276897806199383

2230 Gumption the Zephyrmancer (level 9, -6/62 HPs)
             Began as a Black Draconian Air Elementalist on Nov 18, 2023.
             Was a Believer of Zin.
             Mangled by a two-headed ogre
             ... wielding a +0 great mace
              (14 damage)
             ... on level 7 of the Dungeon.
             The game lasted 01:30:38 (9348 turns).

Gumption the Zephyrmancer (DrAE)                    Turns: 9348, Time: 01:31:08

Health: -6/62      AC:  8    Str: 23    XL:     9   Next: 14%
Magic:  13/15      EV: 12    Int: 20    God:    Zin [**....]
Gold:   160        SH:  4    Dex: 11    Spells: 6/16 levels left

rFire   . . .        a - +2 dagger (flame)
rCold   . . .        A - +0 buckler
rNeg    . . .        (body armour unavailable)
rPois   .            (helmet restricted)
rElec   +            x - +0 cloak
rCorr   .            (no gloves)
SInv    .            (no boots)
Will    .....        (no amulet)
Stlth   +++          f - +6 ring of strength
HPRegen 0.30/turn    E - +6 ring of strength
MPRegen 0.14/turn

%: no passive effects
@: about to teleport, studying Staves
A: breathe lightning, AC +7, unfitting armour, electricity resistance,
cold-blooded
a: Breathe Lightning, Renounce Religion, Recite, Vitalisation, Donate Gold


You were on level 7 of the Dungeon.
You worshipped Zin.
Zin was pleased with you.
You visited 2 branches of the dungeon, and saw 8 of its levels.

You collected 275 gold pieces.
You donated 115 gold pieces to Zin.

Inventory:

Hand Weapons
 a - a +2 dagger of flaming (weapon)
 j - a +0 dagger
 C - a +2 dagger of electrocution
Missiles
 e - 11 boomerangs
 o - 20 poisoned darts (quivered)
 B - 2 javelins
Armour
 x - a +0 cloak (worn)
 A - a +0 buckler (worn)
Jewellery
 f - a +6 ring of strength (left hand)
 E - a +6 ring of strength (right hand)
Wands
 v - a wand of charming (10)
 w - a wand of digging (5)
 y - a wand of flame (42)
Scrolls
 d - 3 scrolls of blinking {unknown}
 l - a scroll of noise {unknown}
 p - a scroll of enchant weapon {unknown}
 q - 2 scrolls of magic mapping {unknown}
 r - a scroll of silence {unknown}
 t - 3 scrolls of teleportation
 z - 2 scrolls of fog {unknown}
Potions
 b - 4 potions of cancellation
 c - 2 potions of might {unknown}
 g - 3 potions of attraction
 h - 6 potions of curing
 i - a potion of magic
 k - 3 potions of invisibility {unknown}
 m - a potion of brilliance {unknown}
 n - 3 potions of heal wounds
 s - 3 potions of resistance {unknown}
 u - a potion of degeneration {unknown}
 D - a potion of lignification {unknown}


   Skills:
 * Level 1.4 Throwing
 - Level 4.0 Dodging
 + Level 5.4 Stealth
 * Level 4.2 Shields
 - Level 4.0 Spellcasting
 - Level 3.0 Conjurations
 * Level 9.7 Air Magic


You had 6 spell levels left.
You knew the following spells:

 Your Spells              Type           Power      Damage    Failure   Level
a - Shock                 Conj/Air       100%       1d9       1%          1
b - Static Discharge      Conj/Air       58%        2-5/arc   1%          2
c - Swiftness             Air            42%        N/A       1%          3
d - Airstrike             Air            21%        2d(3-19)  2%          4

Your spell library contained the following spells:

 Spells                   Type           Power      Damage    Failure   Level
 Sandblast                Erth           8%         2d5       16%         1
 Passwall                 Tmut/Erth      3%         N/A       22%         2
 Stone Arrow              Conj/Erth      20%        3d8       24%         3
 Portal Projectile        Hex/Tloc       8%         N/A       41%         3
 Tukima's Dance           Hex            4%         N/A       41%         3
 Animate Dead             Necr           4%         N/A       83%         4
 Blade Hands              Tmut           2%         N/A       99%         5
 Borgnjor's Vile Clutch   Necr/Erth      2%         N/A       99%         5
 Death Channel            Necr           2%         N/A       100%        6


Dungeon Overview and Level Annotations

Branches:
Dungeon (7/15)             Temple (1/1) D:5

Altars:
Ashenzari
Cheibriados
Dithmenos
Gozag
Kikubaaqudgha
Makhleb
Nemelex Xobeh
Okawaru
Qazlal
Ru
Sif Muna
Trog
Uskayaw
Vehumet
Wu Jian
Xom
Yredelemnul
Zin
The Shining One

Shops:
D:4 :   D:7 (

Annotations:
D:3 exclusion: 2 downstairs


Innate Abilities, Weirdness & Mutations

You can breathe wild blasts of lightning.
Your glossy black scales are hard. (AC +7)
You cannot fit into any form of body armour.
You are resistant to electric shocks. (rElec)
You are cold-blooded and may be slowed by cold attacks.


Message History

There is an entrance to Jyvatow's Weapon Shop here.
An orc comes into view. It is wielding a +0 whip.
The orc shouts!
Casting: Airstrike (dangerous; 2% risk of failure)
Confirm with . or Enter, or press ? or * to list all spells.
Aiming: Shock (safe; 1% risk of failure)
Press: ? - help, Shift-Dir - straight line, f - orc
Aim: an orc, wielding a +0 whip and wearing a +0 leather armour (74% to hit)
The zap hits the orc!
You kill the orc!
You start resting.
Magic restored.
You pay a tithe of 2 gold.
You now have 160 gold pieces (gained 14).
Things that are here:
a +0 whip; a +0 leather armour
There is an entrance to Jyvatow's Weapon Shop here.
You open the door.
There is an open door here.
y - a wand of flame (42) (gained 17 charges)
A two-headed ogre comes into view.
It is wielding a +0 great mace and a +0 giant club.
The two-headed ogre shouts in stereo!
A sky beast comes into view.
The sky beast moves out of view.
A sky beast comes into view.
The sky beast hits you. The sky beast shocks you. You resist.
The sky beast attacks as you move away! The sky beast closely misses you.
As you read the scroll labelled NEXAPEM NUCUOB, it crumbles to dust.
You feel strangely unstable.
It was a scroll of teleportation.
The sky beast closely misses you.
The two-headed ogre hits you with a +0 great mace!!
The two-headed ogre hits you with a +0 giant club!
Casting: Shock (safe; 1% risk of failure)
Confirm with . or Enter, or press ? or * to list all spells.
Some blue arcs ground themselves harmlessly.
The sky beast hits you. The sky beast shocks you. You resist.
The two-headed ogre hits you with a +0 great mace!
* * * LOW HITPOINT WARNING * * *
The two-headed ogre hits you with a +0 giant club!
You die...

.##### ..#..# ..'..#
..#..# ..#..# ..#..#
..#..# .>#..# ###
#######
..#..#♣♣.♣♣#.♣.♣@♣♣
..#..#♣...♣♣♣O♣O♣Y♣
..#..........♣.♣.♣.⌠.♣
..#..#♣...♣♣♣Y♣Y♣.♣.♣.♣
..#..#♣♣.♣♣#.♣.♣.♣♣.♣
..#..################
..#...#.......#.....#
..#...#.......#.....#
..#...#.......#.....#


You could see a two-headed ogre and 2 sky beasts.

Vanquished Creatures
  A wyvern (D:7)
  Eustachio (D:4)
  A water moccasin (D:6)
  2 ice beasts
  3 black bears
  An ogre (D:5)
  2 bullfrogs (D:6)
  A kobold brigand (D:6)
  3 scorpions
  2 electric eels (D:5)
  2 jellies
  Crazy Yiuf (D:4)
  4 hounds
  3 orc priests
  3 iguanas
  2 sleepcaps (D:6)
  9 orc wizards
  Robin (D:3)
  6 adders
  A shadow imp (D:7)
  A worm (D:3)
  21 orcs
  A bat zombie (D:6)
  7 endoplasms
  A giant cockroach (D:1)
  18 goblins
  11 hobgoblins
  2 jackals (D:4)
  3 quokkas
  6 ball pythons
  7 bats
  2 frilled lizards
  11 kobolds
  9 rats
  4 rat zombies (D:6)
153 creatures vanquished.

Notes
Turn   | Place    | Note
-------+----------+-------------------------------------------
     0 | D:1      | Gumption the Draconian Air Elementalist began the quest for
                  | the Orb.
     0 | D:1      | Reached XP level 1. HP: 14/14 MP: 3/3
   289 | D:1      | Reached XP level 2. HP: 20/20 MP: 3/5
   313 | D:1      | Learned a level 2 spell: Static Discharge
   992 | D:1      | Reached XP level 3. HP: 26/26 MP: 3/6
  1243 | D:1      | Learned a level 3 spell: Swiftness
  1501 | D:2      | Found a bloodstained altar of Trog.
  1720 | D:2      | Found a faded altar of an unknown god.
  2410 | D:3      | Reached XP level 4. HP: 18/33 MP: 0/7
  2654 | D:3      | Found a glowing silver altar of Zin.
  2700 | D:3      | Became a worshipper of Zin the Law-Giver
  2700 | D:3      | Reached * piety under Zin
  2927 | D:3      | Reached skill level 4 in Air Magic
  3083 | D:4      | Noticed an ogre
  3136 | D:4      | Noticed Robin
  3383 | D:3      | Killed Robin
  3384 | D:3      | Reached XP level 5. HP: 38/38 MP: 2/9
  3997 | D:4      | Found Tiutwax's Book Boutique.
  4032 | D:4      | Found an iron altar of Okawaru.
  4148 | D:4      | Found an ornate altar of the Wu Jian Council.
  4179 | D:4      | Noticed a +0 dagger
  4179 | D:4      | Noticed a +4 dagger
  4192 | D:4      | Reached XP level 6. HP: 45/45 MP: 5/10
  4239 | D:4      | Found a hide-covered altar of Uskayaw.
  4272 | D:4      | Noticed Eustachio
  4769 | D:4      | Killed Eustachio
  4770 | D:4      | Reached skill level 5 in Air Magic
  4891 | D:4      | Learned a level 4 spell: Airstrike
  4896 | D:4      | Found a shadowy altar of Dithmenos.
  4979 | D:4      | Found a runed translucent door.
  4980 | D:4      | Noticed Crazy Yiuf
  5281 | D:4      | Killed Crazy Yiuf
  5282 | D:4      | Your scales start taking on a glossy black colour.
  5282 | D:4      | Reached skill level 6 in Air Magic
  5282 | D:4      | Reached XP level 7. HP: 34/50 MP: 3/12
  5282 | D:4      | Gained mutation: You are resistant to electric shocks.
                  | (rElec) [Black Draconian growth]
  5419 | D:5      | Entered Level 5 of the Dungeon
  5850 | D:5      | Reached skill level 7 in Air Magic
  5931 | D:5      | Found a transporter.
  5952 | D:5      | Found a transporter.
  6241 | D:5      | Donated 88 gold pieces to Zin
  6629 | D:5      | Reached XP level 8. HP: 57/57 MP: 0/14
  6739 | D:5      | Reached ** piety under Zin
  6886 | D:5      | Reached skill level 8 in Air Magic
  7077 | D:5      | Found a staircase to the Ecumenical Temple.
  7100 | Temple   | Entered the Ecumenical Temple
  7518 | D:6      | Reached skill level 1 in Shields
  8063 | D:6      | Reached skill level 5 in Stealth
  8063 | D:6      | Reached skill level 9 in Air Magic
  8472 | D:6      | Found an ancient bone altar of Kikubaaqudgha.
  8717 | D:6      | Reached XP level 9. HP: 62/62 MP: 6/15
  9022 | D:7      | Reached skill level 1 in Throwing
  9259 | D:7      | Found Jyvatow's Weapon Shop.
  9343 | D:7      | Noticed a two-headed ogre
  9348 | D:7      | Mangled by a two-headed ogre

Illustrated notes

Levels and vault maps discovered:
D:1:      spicycebolla_arrival_xxxplode, layout_loops_ring
D:2:      layout_loops_ring, ebering_ecumenical_altar_rust, basic_altar
D:3:      layout_basic, amcnicky_altar_gilded
D:4:      layout_basic, dancing_weapons_uskayaw, grunt_dithmenos_smoke,
          lemuel_crystal_altar, nicolae_overflow_crystal_walls,
          nicolae_take_the_stairs, uniq_robin, uniq_crazy_yiuf_cottage,
          uniq_eustachio
D:5:      gammafunk_steamed_eel, layout_basic, minmay_temple_entry_antechambers,
          dk_vineyard_3
D:6:      layout_loops_cross, lemuel_zombie_altar_kikubaaqudgha,
          hangedman_abyss_or_decor_jellyfish_corner, minmay_manual_moon,
          uniq_edmund
D:7:      nzn_winding_woodlands_large [nzn_winding_woodlands_5x5_default,
          nzn_winding_woodlands_5x15_lazy_stream,
          nzn_winding_woodlands_5x5_closed_star,
          nzn_winding_woodlands_center_pierced_h,
          nzn_winding_woodlands_15x15_boxy_spiral,
          nzn_winding_woodlands_center_garden,
          nzn_winding_woodlands_5x5_default,
          nzn_winding_woodlands_5x15_split_checker,
          nzn_winding_woodlands_5x5_cross], layout_gridville,
          mainiacjoe_overflow_catwalk, serial_shops, shop, shop,
          nicolae_shop_trees, minivault_25
Temple:   nicolae_temple_godzebo

Skill      XL: |  1  2  3  4  5  6  7  8  9 |
---------------+----------------------------+-----
Stealth        | 2 3 4 5 |  5.4
Conjurations   | 2 3 |  3.0
Air Magic      | 4 6 7 9 |  9.7
Dodging        | 2 3 4 |  4.0
Spellcasting   | 3 4 |  4.0
Shields        | 3 4 |  4.2
Throwing       | 1 |  1.4

Action                     |  1- 3 |  4- 6 |  7- 9 || total
---------------------------+-------+-------+-------++-------
  Melee: Dagger            |    15 |    55 |    62 ||   132
         Short sword       |     1 |       |       ||     1
         Tailslap          |       |     5 |     7 ||    12
         Punch             |       |       |     1 ||     1
  Throw: Dart              |       |    11 |     1 ||    12
   Cast: Shock             |    85 |   123 |    78 ||   286
         Static Discharge  |     1 |     8 |    30 ||    39
         Airstrike         |       |       |    16 ||    16
 Invoke: Donate Gold       |       |       |     1 ||     1
         Vitalisation      |       |       |     1 ||     1
  Evoke: Wand              |       |       |     4 ||     4
    Use: Potion            |       |     1 |       ||     1
         Scroll            |       |       |     5 ||     5
   Stab: Sleeping          |       |     2 |     4 ||     6
 Armour: Skin              |    16 |    45 |    50 ||   111
  Dodge: Dodged            |    41 |    55 |    81 ||   177
  Block: Buckler           |       |       |    13 ||    13
